 Dungeon Crawl Stone Soup version 0.28.0-53-g5a82cb258f (webtiles) character file.

Game seed: 1968001057387365983

12121 Revguard the Priest (level 11, -60/95 HPs)
             Began as a Hill Orc Fighter on July 25, 2022.
             Was a Believer of Beogh.
             Annihilated by a titanic slime creature (98 damage)
             ... summoned by Maurice
             ... on level 12 of the Dungeon.
             The game lasted 00:37:10 (14901 turns).

Revguard the Priest (Hill Orc Fighter)             Turns: 14901, Time: 00:37:17

Health: -60/95     AC: 18    Str: 26    XL:     11   Next: 88%
Magic:  0/19       EV: 13    Int:  8    God:    Beogh [**....]
Gold:   462        SH:  6    Dex: 14    Spells: 10/10 levels left

rFire   . . .      SeeInvis .   a - +0 war axe
rCold   . . .      Faith    .   c - +0 buckler
rNeg    . . .      Spirit   +   v - +0 plate armour
rPois   .          Reflect  .   p - +0 helmet
rElec   .          Harm     .   D - +0 cloak
rCorr   .          Rampage  .   (no gloves)
Will    .....                   t - +1 pair of boots
Stlth   ..........              y - amulet of guardian spirit
HPRegen 0.25/turn               m - +6 ring of strength
MPRegen 0.16/turn               l - +4 ring of evasion

@: no status effects
A: no striking features
a: Renounce Religion, Smiting


You were on level 12 of the Dungeon.
You worshipped Beogh.
Beogh was pleased with you.
You visited 2 branches of the dungeon, and saw 13 of its levels.
You also visited: Ossuary.

You collected 894 gold pieces.
You spent 432 gold pieces at shops.

Inventory:

Hand Weapons
 a - a +0 war axe (weapon)
 j - a +2 dire flail
 n - the +3 hand axe of Eciash {holy, rF- Int+4 Dex+4}
   (You found it on level 7 of the Dungeon)

   It has been blessed by the Shining One to cause great damage to the undead
   and demons.
   Int:       It affects your intelligence (+4).
   Dex:       It affects your dexterity (+4).
   rF:        It makes you vulnerable to fire.
 r - a +0 trident of protection
 B - a +4 long sword
Armour
 b - +0 acid dragon scales
 c - a +0 buckler (worn)
 p - a +0 helmet (worn)
 t - a +1 pair of boots (worn)
 v - a +0 plate armour (worn)
 D - a +0 cloak (worn)
 G - a +0 plate armour
Jewellery
 l - a +4 ring of evasion (right hand)
 m - a +6 ring of strength (left hand)
 w - a ring of poison resistance
 y - an amulet of guardian spirit (around neck)
Wands
 s - a wand of polymorph (7)
Scrolls
 e - 5 scrolls of teleportation
 h - a scroll of amnesia
 i - 2 scrolls of vulnerability
 o - 2 scrolls of magic mapping
 x - a scroll of noise
 A - a scroll of fear
 E - a scroll of enchant weapon
 F - 3 scrolls of identify
Potions
 d - 2 potions of might
 k - a potion of mutation
 u - a potion of cancellation
 z - 2 potions of heal wounds
 H - 2 potions of curing


   Skills:
 + Level 8.7 Fighting
 * Level 10.6 Axes
 + Level 7.8 Armour
 + Level 5.2 Dodging
 + Level 8.1 Shields
 + Level 11.2 Invocations
 + Level 6.2 Evocations


You had 10 spell levels left.
You didn't know any spells.
Your spell library contained the following spells:

 Spells                   Type           Power      Damage    Failure   Level
 Foxfire                  Conj/Fire      0%         2x1d4     99%         1
 Scorch                   Fire           0%         2d5       100%        2
 Conjure Flame            Conj/Fire      0%         6-21      100%        3
 Ignite Poison            Fire/Tmut/Pois 0%         N/A       100%        3
 Inner Flame              Hex/Fire       0%         N/A       100%        3
 Mephitic Cloud           Conj/Pois/Air  0%         N/A       100%        3
 Flame Wave               Conj/Fire      0%         2d4       100%        4
 Ice Form                 Ice/Tmut       0%         N/A       100%        4
 Sticky Flame             Conj/Fire      0%         2d3       100%        4
 Freezing Cloud           Conj/Ice/Air   0%         6-21      100%        5
 Metabolic Englaciation   Hex/Ice        0%         N/A       100%        5
 Summon Cactus Giant      Summ           0%         N/A       100%        6
 Ozocubu's Refrigeration  Ice            0%         4d5       100%        7


Dungeon Overview and Level Annotations

Branches:
Dungeon (12/15)            Temple (1/1) D:4            Lair (0/6) D:9
    Orc (0/2) D:11        Ossuary (visited)

Altars:
Ashenzari
Cheibriados
Dithmenos
Elyvilon
Fedhas
Gozag
Hepliaklqana
Kikubaaqudgha
Makhleb
Nemelex Xobeh
Okawaru
Qazlal
Ru
Sif Muna
Trog
Uskayaw
Vehumet
Wu Jian
Xom
Yredelemnul
Zin
The Shining One

Shops:
D:3 =   D:7 *

Annotations:
D:12 Maurice


Message History

Something steals your +2 battleaxe!
The gargoyle hits you with a +0 dire flail.
You closely miss something. You hit the gargoyle but do no damage.
Something hits you but does no damage.
The gargoyle hits you with a +0 dire flail.
Okay, then.
You closely miss something. You hit the gargoyle but do no damage.
Something hits you but does no damage.
The gargoyle hits you with a +0 dire flail!!
You closely miss something. You hit the gargoyle but do no damage.
Something hits you.
Something steals your wand of digging (6)!
The gargoyle hits you with a +0 dire flail.
You barely miss something. You slash the gargoyle!
Something hits you but does no damage. The gargoyle misses you.
You slash something! You slash the gargoyle!
You hear some strange, mumbled words.
The gargoyle hurls a stone arrow at you.
The stone arrow misses you.
The stone arrow hits the titanic slime creature!!
As you read the scroll of fear, it crumbles to dust.
You assume a fearsome visage.
The titanic slime creature looks frightened!
The gargoyle is unaffected.
You hear some strange, mumbled words.
The gargoyle hurls a stone arrow at you.
The stone arrow misses you.
The stone arrow hits the titanic slime creature!!
The gargoyle's attack snaps the titanic slime creature out of its fear.
The titanic slime creature hits you!! The gargoyle closely misses you.
The titanic slime creature hits you!!
* * * LOW HITPOINT WARNING * * *
Okay, then.
You feel much better.
The gargoyle hurls a stone arrow at you.
The stone arrow misses you.
The stone arrow hits the titanic slime creature!!
The titanic slime creature hits you!!!!
Ouch! That really hurt!
You die...

>#)......#......#.#.#
....................#
.#..###############.#
.#.## #....# ...#
#.#### ..## #.# ###
#.# #J# #@# #####9#
#.....# .....#####
... .


You could see a titanic slime creature (summoned) and a gargoyle (summoned).

Vanquished Creatures
  Gastronok (D:10)
  Josephine (D:12)
  4 two-headed ogres
  An ugly thing (D:12)
  4 centaur zombies
  A komodo dragon (D:11)
  A freezing wraith (D:12)
  A troll (D:9)
  A hornet (D:9)
  8 wraiths
  A vampire (D:11)
  2 steam dragons
  A wyvern (D:8)
  4 vampire mosquitoes (D:12)
  4 water moccasins
  An acid dragon (D:10)
  4 orc warriors
  2 ogres
  2 necrophages
  2 centaurs
  A phantom (D:4)
  3 kobold brigands
  Blork the orc (D:6)
  3 bullfrogs
  A gnoll sergeant (D:11)
  2 scorpions
  A water moccasin zombie (D:6)
  8 wights
  5 howler monkeys
  A bullfrog zombie (D:6)
  3 bullfrog skeletons
  2 gnoll shamans
  6 orc priests
  2 hounds
  8 orc wizards
  2 iguanas
  A killer bee zombie (D:6)
  A hound skeleton (D:5)
  A mummy (D:5)
  18 gnolls
  4 adders
  A shadow imp (D:6)
  An ufetubus (D:5)
  An adder zombie (Ossuary)
  A worm (D:5)
  4 dart slugs
  36 orcs
  2 ball pythons
  5 endoplasms
  2 giant cockroaches
  7 hobgoblins
  A jackal (D:3)
  21 kobolds
  8 quokkas
  A ball python skeleton (Ossuary)
  4 bats
  A frilled lizard (D:2)
  5 goblins
  2 goblin zombies (D:5)
  A hobgoblin skeleton (Ossuary)
  A hobgoblin zombie (Ossuary)
  2 kobold zombies (Ossuary)
  2 orc zombies (Ossuary)
  3 rats
232 creatures vanquished.

Vanquished Creatures (collateral kills)
  Psyche (D:9)
1 creature vanquished.

Vanquished Creatures (others)
  4 fungi (D:9)
  5 plants
9 creatures vanquished.

Grand Total: 242 creatures vanquished

Notes
Turn   | Place    | Note
-------+----------+-------------------------------------------
     0 | D:1      | Revguard the Hill Orc Fighter began the quest for the Orb.
     0 | D:1      | Reached XP level 1. HP: 19/19 MP: 1/1
   171 | D:1      | Reached skill level 1 in Invocations
   171 | D:1      | Reached XP level 2. HP: 16/27 MP: 2/2
  1123 | D:2      | Reached XP level 3. HP: 32/33 MP: 4/4
  1346 | D:2      | Found a faded altar of an unknown god.
  1554 | D:2      | Reached skill level 2 in Invocations
  1554 | D:2      | Reached XP level 4. HP: 37/40 MP: 5/5
  1852 | D:3      | Noticed a scorpion
  1857 | D:3      | Killed a scorpion
  1858 | D:3      | Reached skill level 1 in Dodging
  1858 | D:3      | Reached XP level 5. HP: 46/46 MP: 5/7
  1933 | D:3      | Found an iron altar of Okawaru.
  1933 | D:3      | Found a stormy altar of Qazlal.
  1933 | D:3      | Found a hide-covered altar of Uskayaw.
  2090 | D:3      | Got the Grimoire of Cold
  2412 | D:3      | Found Asifil's Jewellery Shop.
  2426 | D:3      | Reached skill level 3 in Invocations
  3183 | D:4      | Noticed a phantom
  3202 | D:4      | Killed a phantom
  3203 | D:4      | Reached skill level 1 in Evocations
  3203 | D:4      | Reached XP level 6. HP: 23/53 MP: 8/8
  3664 | D:4      | Reached skill level 4 in Invocations
  3735 | D:4      | Found a shimmering blue altar of Sif Muna.
  3788 | D:4      | Found a staircase to the Ecumenical Temple.
  3795 | Temple   | Entered the Ecumenical Temple
  4074 | D:4      | Found a bloodstained altar of Trog.
  4330 | D:5      | Entered Level 5 of the Dungeon
  4466 | D:5      | Found a sand-covered staircase.
  4475 | Ossuary  | Entered an ossuary
  4592 | Ossuary  | Reached XP level 7. HP: 60/60 MP: 10/10
  4856 | Ossuary  | Noticed a wraith
  4856 | Ossuary  | Noticed a flying skull
  4870 | Ossuary  | Noticed a flying skull
  4900 | Ossuary  | Reached skill level 5 in Axes
  4933 | Ossuary  | Noticed a wraith
  4947 | Ossuary  | Killed a wraith
  4948 | Ossuary  | Reached skill level 5 in Invocations
  5032 | Ossuary  | Noticed a wraith
  5040 | Ossuary  | Killed a wraith
  5041 | Ossuary  | Reached skill level 5 in Fighting
  5041 | Ossuary  | Reached XP level 8. HP: 55/68 MP: 10/12
  5521 | D:5      | Reached skill level 6 in Invocations
  5931 | D:6      | Reached skill level 5 in Shields
  6328 | D:6      | Became a worshipper of Beogh the Brigand
  6363 | D:6      | Found a basalt altar of Yredelemnul.
  6409 | D:6      | Reached skill level 5 in Armour
  6668 | D:6      | Noticed Blork the orc
  6690 | D:6      | Killed Blork the orc
  6691 | D:6      | Reached skill level 7 in Invocations
  7047 | D:7      | Found Yzizxuro's General Store.
  7054 | D:7      | Identified the +3 hand axe of Eciash {holy, rF- Int+4
                  | Dex+4}
  7124 | D:7      | Reached XP level 9. HP: 62/75 MP: 14/14
  7569 | D:7      | HP: 3/75 [steam dragon/ball of steam (4)]
  8157 | D:7      | Found a hazy altar of Hepliaklqana.
  8217 | D:7      | Reached skill level 8 in Invocations
  9055 | D:3      | Bought a +4 ring of evasion for 432 gold pieces
  9196 | D:8      | Noticed a two-headed ogre
  9206 | D:8      | Killed a two-headed ogre
  9207 | D:8      | Reached skill level 9 in Invocations
  9207 | D:8      | Reached XP level 10. HP: 37/86 MP: 16/16
  9924 | D:8      | Reached * piety under Beogh
 10236 | D:8      | Found a sparkling altar of Nemelex Xobeh.
 10272 | D:8      | Found a burning altar of Makhleb.
 10357 | D:8      | Found a snail-covered altar of Cheibriados.
 10392 | D:8      | Found a shimmering altar of Xom.
 11107 | D:9      | Noticed a two-headed ogre
 11122 | D:9      | Killed a two-headed ogre
 11123 | D:9      | Reached skill level 10 in Invocations
 11163 | D:9      | Found a staircase to the Lair.
 11471 | D:9      | Reached ** piety under Beogh
 11481 | D:9      | Noticed Psyche
 11509 | D:9      | Killed Psyche
 11510 | D:9      | Reached skill level 5 in Evocations
 11727 | D:10     | Entered Level 10 of the Dungeon
 12163 | D:10     | Noticed Gastronok
 12177 | D:10     | Killed Gastronok
 12178 | D:10     | Reached XP level 11. HP: 67/94 MP: 12/18
 12416 | D:10     | Found an ornate altar of the Wu Jian Council.
 12657 | D:11     | Noticed a two-headed ogre
 12669 | D:11     | Killed a two-headed ogre
 12683 | D:11     | Found an iron altar of Okawaru.
 13330 | D:11     | Noticed a two-headed ogre
 13339 | D:11     | Killed a two-headed ogre
 13430 | D:11     | Found a staircase to the Orcish Mines.
 13634 | D:12     | Noticed Josephine
 13699 | D:12     | Killed Josephine
 13700 | D:12     | Reached skill level 10 in Axes
 13700 | D:12     | Reached skill level 5 in Dodging
 14080 | D:12     | Noticed a brown ugly thing
 14089 | D:12     | Reached skill level 11 in Invocations
 14095 | D:12     | Killed a brown ugly thing
 14866 | D:12     | Noticed Maurice
 14867 | D:12     | Paralysed by Maurice for 7 turns
 14901 | D:12     | Annihilated by a titanic slime creature

Illustrated notes

Levels and vault maps discovered:
D:1:      lightli_molten_gateway, layout_basic
D:2:      minmay_spotlight, layout_basic,
          shapermc_ecumenical_altar_mp_ritualfount, kennysheep_doodads,
          chequers_serial_rivers_small_3
D:3:      layout_basic, gammafunk_temple_overflow_forgotten, serial_shops,
          nicolae_shop_trees, chequers_serial_rivers_micro_b,
          minmay_misc_feat_rows, kennysheep_generic_room_16
D:4:      layout_cave_pods, kennysheep_mini_moat, lemuel_round_altar,
          minmay_temple_entry_statues_pillars
D:5:      layout_rooms, nicolae_ossuary_entry_giza, kennysheep_another_room
D:6:      layout_rooms, lemuel_crystal_altar, minmay_misc_feat_nine_boxes,
          uniq_blork_the_orc
D:7:      layout_gridville, amcnicky_altar_gilded, minmay_shop_grid_forest,
          minmay_parallelograms, minmay_splitting_lines
D:8:      layout_cave_pods, mainiacjoe_overflow_tiny_flanked,
          pf_just_have_faith, mainiacjoe_overflow_alcove_4, tgw_xom
D:9:      layout_roguey, dpeg_oklobed_lair, uniq_psyche
D:10:     layout_rooms, nzn_wu_jian_contemplation, uniq_gastronok
D:11:     layout_loops_ring, orc_0_dummy, okawaru_gym_becter
D:12:     layout_rooms, serial_shops, nicolae_shop_competitors_out_of_business,
          chei_slow_surprise, uniq_josephine, uniq_maurice
Temple:   eino_temple_lava

Skill      XL: |  1  2  3  4  5  6  7  8  9 10 11 |
---------------+----------------------------------+-----
Invocations    | 1 2 3 4 5 7 9 10 11 | 11.2
Axes           | 3 4 5 6 7 9 10 | 10.6
Fighting       | 4 5 6 7 8 |  8.7
Dodging        | 1 2 3 4 5 |  5.2
Shields        | 4 5 6 7 8 |  8.1
Evocations     | 1 2 3 4 5 6 |  6.2
Armour         | 4 5 6 7 |  7.8

Action                   |  1- 3 |  4- 6 |  7- 9 | 10-12 || total
-------------------------+-------+-------+-------+-------++-------
Melee: War axe           |    70 |   144 |   225 |   439 ||   878
       Hand axe          |       |       |    27 |    10 ||    37
Throw: Throwing net      |       |       |       |     4 ||     4
Invok: Convert to Beogh  |       |       |     1 |       ||     1
       Smiting           |       |       |       |     6 ||     6
Evoke: Wand              |       |       |     1 |    12 ||    13
  Use: Scroll            |       |     7 |     4 |     6 ||    17
       Potion            |       |     1 |     6 |     8 ||    15
 Stab: Paralysed         |       |       |     2 |    15 ||    17
       Held in net/web   |       |       |       |     1 ||     1
Armor: Scale mail        |    34 |       |       |       ||    34
       Chain mail        |       |    90 |   130 |       ||   220
       Plate armour      |       |       |    24 |   248 ||   272
       Skin              |       |       |       |     1 ||     1
Dodge: Dodged            |    47 |    41 |   109 |   255 ||   452
Block: Buckler           |    17 |    44 |    82 |   142 ||   285
